 Dungeon Crawl Stone Soup version 0.28.0 (webtiles) character file.

Game seed: 16964848335387904821

315 browni3141 the Digger (level 6, 0/44 HPs)
             Began as a Formicid Air Elementalist on Feb 10, 2022.
             Succumbed to a scorpion's poison
             ... on level 4 of the Dungeon.
             The game lasted 00:15:16 (5740 turns).

browni3141 the Digger (Formicid Air Elementalist)   Turns: 5740, Time: 00:15:17

Health: 0/44       AC:  3    Str: 13    XL:     6   Next: 72%
Magic:  3/9        EV: 12    Int: 16    God:
Gold:   210        SH:  0    Dex: 11    Spells: 1/9 levels left

rFire   . . .      SeeInvis +   c - +0 short sword
rCold   . . .      Faith    .   (no shield)
rNeg    + + +      Spirit   .   a - +0 robe
rPois   +          Reflect  .   (helmet unavailable)
rElec   +          Harm     .   r - +0 cloak of Ignis's Brutal Revenge {Contam rPois rN+}
rCorr   .          Rampage  .   (no gloves)
Will    .....                   (no boots)
Stlth   ++........              t - amulet of Impatience {Acrobat *Corrode rPois rN+++ Slay+2}
HPRegen 0.14/turn               g - ring of poison resistance
MPRegen 0.11/turn               (no ring)

@: lethally poisoned (0 -> -7)
A: permanent stasis, dig shafts and tunnels, antennae 3, four strong arms,
electricity resistance, subdued magic 1
a: Dig, Shaft Self


You were on level 4 of the Dungeon.
You visited 1 branch of the dungeon, and saw 5 of its levels.

You collected 210 gold pieces.

Inventory:

Hand Weapons
 c - a +0 short sword (weapon)
Missiles
 b - 103 bolts
 u - a throwing net
Armour
 a - a +0 robe (worn)
 o - a +0 leather armour
 r - the +0 cloak of Ignis's Brutal Revenge (worn) {Contam rPois rN+}
   (You found it on level 4 of the Dungeon)

   rPois:     It protects you from poison.
   rN:        It protects you from negative energy.
   Contam:    It causes magical contamination when unequipped.
Jewellery
 g - a ring of poison resistance (left hand)
 l - a ring of fire
 t - the amulet of Impatience (around neck) {Acrobat *Corrode rPois rN+++ Slay+2}
   (You found it on level 4 of the Dungeon)

   [amulet of the acrobat]

   It increases your evasion while moving and waiting.
   Slay:      It affects your accuracy & damage with ranged weapons and melee
   (+2).
   rPois:     It protects you from poison.
   rN:        It renders you almost immune to negative energy.
   *Corrode:  It may corrode you when you take damage.
Wands
 s - a wand of acid (10)
Scrolls
 k - a scroll of blinking {unknown}
 m - 4 scrolls of identify {unknown}
 n - a scroll of vulnerability {unknown}
 q - 3 scrolls of amnesia {unknown}
Potions
 d - a potion of mutation
 e - a potion of lignification
 f - a potion of cancellation
 h - 2 potions of attraction {unknown}
 i - a potion of haste {unknown}
 j - 2 potions of flight {unknown}


   Skills:
 - Level 2.0 Fighting
 - Level 1.7 Dodging
 - Level 2.4 Stealth
 - Level 2.1 Spellcasting
 - Level 1.0 Conjurations
 - Level 3.4 Air Magic
 * Level 6.0 Earth Magic


You had one spell level left.
You knew the following spells:

 Your Spells              Type           Power      Damage    Failure   Level
a - Shock                 Conj/Air       24%        1d4       7%          1
b - Static Discharge      Conj/Air       6%         N/A       10%         2
c - Lee's Rapid Deconstr  Erth           8%         3d8*      38%         5

Your spell library contained the following spells:

 Spells                   Type           Power      Damage    Failure   Level
 Conjure Flame            Conj/Fire      2%         6-21      41%         3
 Airstrike                Air            4%         N/A       41%         4
 Ignite Poison            Fire/Tmut/Pois 1%         N/A       47%         3
 Leda's Liquefaction      Hex/Erth       4%         N/A       47%         4
 Sticky Flame             Conj/Fire      2%         2d3       83%         4
 Statue Form              Tmut/Erth      5%         N/A       100%        6
 Swiftness                Air            Unusable   N/A       N/A         3

Dungeon Overview and Level Annotations

Branches:
Dungeon (5/15)
 Temple: D:4-7

Altars:
Sif Muna
Zin

Annotations:
D:1 exclusion: downstairs


Innate Abilities, Weirdness & Mutations

You cannot be hasted, slowed, berserked, paralysed or teleported.
You can dig through walls and to a lower floor.
You have a pair of large antennae on your head. (SInv)
Your four strong arms can wield two-handed weapons with a shield.
You are resistant to electric shocks. (rElec)
Your spells are a little easier to cast, but a little less powerful.


Message History

Casting: Shock (safe; 9% risk of failure)
Confirm with . or Enter, or press ? or * to list all spells.
The scorpion is struck by an arc of lightning.
The scorpion is heavily wounded.
The lightning grounds out.
You feel very sick. The scorpion stings you.
Casting: Static Discharge (safe; 12% risk of failure)
Confirm with . or Enter, or press ? or * to list all spells.
The scorpion is struck by an arc of lightning.
The scorpion is almost dead.
The lightning grounds out.
* * * LOW HITPOINT WARNING * * *
You feel very sick. The scorpion stings you.
* * * LOW HITPOINT WARNING * * *
Unknown command.
It was a potion of mutation.
You feel extremely strange.
You feel insulated.
Your connection to magic feels subdued.
* * * LOW HITPOINT WARNING * * *
You feel very sick. The scorpion stings you.
* * * LOW HITPOINT WARNING * * *
Unknown command.
It was a potion of lignification.
You turn into a tree.
The +0 cloak of Ignis's Brutal Revenge {Contam rPois rN+} melds into your body.
Your +0 robe melds into your body.
Your roots penetrate the ground.
* * * LOW HITPOINT WARNING * * *
You feel sick. The scorpion barely misses you.
Unknown command.
Unknown command.
Okay, then.
Okay, then.
It was a potion of cancellation.
Your magical effects are unravelling.
You feel magically purged.
You feel less wooden.
The +0 cloak of Ignis's Brutal Revenge {Contam rPois rN+} unmelds from your body.
Your +0 robe unmelds from your body.
You die...

##...#####...<.....#
###.###.....).....#
###.....#.........#
##....#.##.........#
######..........#.....###
........##.............##
#####..##..))...........#
###...#..<......s.......#
........#.......@.......#
....##.##...............#
..###P≈≈≈≈.P.P..........#
....P≈PP≈P♣≈≈≈.........##
P≈≈≈≈♣≈≈≈≈≈≈P...#.....##
PP≈≈≈≈♣≈.≈[PP..########
P≈♣≈≈≈P.P)....##
≈≈≈≈♣PPP.....##
≈≈♣♣PPP≈.###.#


You could see a scorpion.

Vanquished Creatures
  A jelly (D:4)
  A bullfrog skeleton (D:4)
  A gnoll shaman (D:3)
  9 gnolls
  5 adders
  4 dart slugs
  2 orcs
  6 ball pythons
  5 bats
  13 endoplasms
  3 giant cockroaches
  7 goblins
  5 hobgoblins
  10 kobolds
  7 quokkas
  2 frilled lizards (D:1)
  4 rats
85 creatures vanquished.

Vanquished Creatures (others)
  5 fungi (D:1)
  2 plants (D:4)
7 creatures vanquished.

Grand Total: 92 creatures vanquished

Notes
Turn   | Place    | Note
-------+----------+-------------------------------------------
     0 | D:1      | browni3141 the Formicid Air Elementalist began the quest
                  | for the Orb.
     0 | D:1      | Reached XP level 1. HP: 13/13 MP: 3/3
    81 | D:1      | Reached skill level 1 in Fighting
   183 | D:1      | Reached XP level 2. HP: 22/22 MP: 1/5
   233 | D:1      | Learned a level 2 spell: Static Discharge
   497 | D:1      | Found a faded altar of an unknown god.
   545 | D:1      | Reached XP level 3. HP: 27/27 MP: 1/6
   630 | D:1      | Reached skill level 1 in Conjurations
  1434 | D:2      | Reached XP level 4. HP: 32/33 MP: 0/7
  1914 | D:2      | Reached skill level 1 in Earth Magic
  2438 | D:2      | Reached skill level 2 in Earth Magic
  3195 | D:3      | Reached XP level 5. HP: 38/38 MP: 8/8
  3308 | D:3      | Reached skill level 3 in Earth Magic
  3635 | D:4      | Identified the +0 cloak of Ignis's Brutal Revenge {Contam
                  | rPois rN+}
  3685 | D:4      | Identified the amulet of Impatience {Acrobat *Corrode rPois
                  | rN+++ Slay+2}
  3760 | D:4      | Reached skill level 4 in Earth Magic
  3868 | D:4      | Reached XP level 6. HP: 44/44 MP: 2/9
  4222 | D:4      | Reached skill level 5 in Earth Magic
  5123 | D:4      | Found a shimmering blue altar of Sif Muna.
  5240 | D:4      | Found a glowing silver altar of Zin.
  5341 | D:4      | Learned a level 5 spell: Lee's Rapid Deconstruction
  5342 | D:5      | Entered Level 5 of the Dungeon
  5612 | D:5      | Reached skill level 6 in Earth Magic
  5738 | D:4      | Gained mutation: You are resistant to electric shocks.
                  | (rElec) [potion of mutation]
  5738 | D:4      | Gained mutation: Your spells are a little easier to cast,
                  | but a little less powerful. [potion of mutation]
  5739 | D:4      | HP: 3/66 [poisoned by a scorpion]
  5740 | D:4      | Succumbed to a scorpion's poison

Illustrated notes

Levels and vault maps discovered:
D:1:      scummos_arrival_checkerplants, layout_rooms,
          ebering_ecumenical_altar_webs
D:2:      layout_basic, amcnicky_mini_corridor_feature
D:3:      layout_loops_cross, chequers_serial_rivers_large_a,
          grunt_decor_clamped
D:4:      layout_rooms, kennysheep_orc_sif_temple, zin_statuary,
          serial_bayou_lagoon_a
D:5:      layout_loops_ring

Skill      XL: |  1  2  3  4  5  6 |
---------------+-------------------+-----
Fighting       | 1 2 |  2.0
Air Magic      | 3 |  3.4
Conjurations   | 1 |  1.0
Earth Magic    | 2 4 6 |  6.0
Dodging        | |  1.7
Stealth        | |  2.4
Spellcasting   | |  2.1

Action                   |  1- 3 |  4- 6 || total
-------------------------+-------+-------++-------
Melee: Unarmed           |     4 |       ||     4
       Short sword       |    25 |    89 ||   114
Throw: Dart              |       |     3 ||     3
 Cast: Shock             |    51 |   132 ||   183
       Static Discharge  |       |    20 ||    20
  Use: Potion            |       |     3 ||     3
 Stab: Sleeping          |     1 |     5 ||     6
Armor: Robe              |     5 |    20 ||    25
Dodge: Dodged            |    18 |   105 ||   123
